 Dungeon Crawl Stone Soup version 0.25-a0-435-g4b9beb1024 (webtiles) character file.

Game seed: 6616234281338565281, levelgen mode: classic

77787 EnegeticOcto the Spear-Bearer (level 15, -4/117 HPs)
             Began as a Mummy Chaos Knight on Jan 26, 2020.
             Was a Plaything of Xom.
             Slain by a phantasmal warrior (8 damage)
             ... led by a death knight
             ... on level 13 of the Dungeon.
             The game lasted 00:37:06 (27189 turns).

EnegeticOcto the Spear-Bearer (Mummy Chaos Knight) Turns: 27189, Time: 00:37:06

Health: -4/117     AC: 16    Str: 22    XL:     15   Next: 16%
Magic:  21/21      EV: 16    Int: 16    God:    Xom [..*...]
Gold:   2082       SH: 10    Dex: 10    Spells: 18/23 levels left

rFire    x . .     SeeInvis .   k - +2 demon trident (venom)
rCold    + . .     Gourm    .   M - +0 buckler
rNeg     + + +     Faith    .   c - +3 leather armour "Egoant" {MR+ Dex-3 Slay+2}
rPois    ∞         Spirit   .   m - +4 helmet of Xom's Righteous Fury {rElec rN+}
rElec    +         Reflect  +   b - +1 cloak
rCorr    .         Harm     .   s - +0 pair of gloves
MR       +....                  l - +0 pair of boots
Stlth    +.........             v - amulet "Ymuejil" {Reflect Str+6 SH+6}
HPRegen  0.29/turn              d - +3 ring of slaying
MPRegen  0.17/turn              P - +2 ring of evasion

@: vulnerable
A: no food or potions, fire vulnerability, cold resistance 1, negative energy
resistance 3, torment resistance, unbreathing, in touch with death 1
a: Renounce Religion


You were on level 13 of the Dungeon.
You worshipped Xom.
You were a toy of Xom.
You were not hungry.

You visited 2 branches of the dungeon, and saw 21 of its levels.
You visited the Abyss 1 time.

You collected 2082 gold pieces.

Inventory:

Hand Weapons
 j - the +9 morningstar "Cediduwk" {vamp, Int+4}
   (You found it on level 6 of the Lair of Beasts)

   It inflicts no extra harm, but heals its wielder when it wounds a living foe.
   It affects your intelligence (+4).
 k - a +2 demon trident of venom (weapon)
 O - a +1 dagger of distortion
Missiles
 x - 15 javelins (quivered)
 A - 9 curare-tipped darts
 G - a throwing net {!f}
Armour
 b - a +1 cloak (worn)
 c - the +3 leather armour "Egoant" (worn) {MR+ Dex-3 Slay+2}
   (You found it on level 4 of the Dungeon)

   It affects your dexterity (-3).
   It affects your accuracy and damage with ranged weapons and melee attacks
   (+2).
   It affects your resistance to hostile enchantments.
   If you remove this armour, your AC will fall 6 points (16 -> 10)
 l - a +0 pair of boots (worn)
 m - the +4 helmet of Xom's Righteous Fury (worn) {rElec rN+}
   (Xom gifted it to you on level 5 of the Dungeon)

   It insulates you from electricity.
   It protects you from negative energy.
   If you remove this armour, your AC will fall 5 points (16 -> 11)
 s - a +0 pair of gloves (worn)
 H - a +0 chain mail of cold resistance
 M - a +0 buckler (worn)
Jewellery
 d - a +3 ring of slaying (left hand)
 e - a cursed amulet of magic regeneration
 p - an uncursed ring of flight
 t - an uncursed amulet of harm {unknown}
 v - the amulet "Ymuejil" (around neck) {Reflect Str+6 SH+6}
   (Xom gifted it to you on level 11 of the Dungeon)

   [amulet of reflection]

   It shields you and reflects attacks.
   It affects your strength (+6).
   It affects your SH (+6).
 y - an uncursed ring of fire
 C - an uncursed ring of protection from fire
 F - an uncursed ring of resist corrosion
 P - a +2 ring of evasion (right hand)
Wands
 n - a wand of digging (24)
 o - a wand of scattershot (5)
 r - a wand of flame (8)
 u - a wand of acid (12)
 N - a wand of enslavement (20)
Scrolls
 a - a scroll of silence
 f - 2 scrolls of teleportation {@r3 !r}
 g - 3 scrolls of immolation
 h - 6 scrolls of remove curse {@r2}
 i - 4 scrolls of amnesia
 q - 3 scrolls of enchant armour
 w - a scroll of fog {!r}
 z - 3 scrolls of blinking {@r4}
 D - a scroll of magic mapping {@r5 !r}
 E - 2 scrolls of vulnerability
 J - a scroll of torment
 K - 2 scrolls of fear {!r}
 L - a scroll of identify {@r1}
Miscellaneous
 I - a fan of gales


   Skills:
 - Level 10.7 Fighting
 * Level 6.3 Maces & Flails
 - Level 12.7 Polearms
 - Level 6.0 Armour
 + Level 6.1 Dodging
 - Level 4.2 Shields
 + Level 4.5 Spellcasting
 - Level 4.0 Conjurations
 - Level 4.0 Translocations
 + Level 5.2 Air Magic
 - Level 5.1 Poison Magic
 - Level 4.0 Evocations


You had 18 spell levels left.
You knew the following spells:

 Your Spells              Type           Power        Failure   Level  Hunger
a - Mephitic Cloud        Conj/Pois/Air  ###.....     8%          3    N/A
Y - Blink                 Tloc           N/A          5%          2    N/A

Your spell library contained the following spells:

 Spells                   Type           Power        Failure   Level  Hunger
 Shock                    Conj/Air       ###.         2%          1    N/A
 Apportation              Tloc           ###...       3%          1    N/A
 Magic Dart               Conj           ###.         3%          1    N/A
 Static Discharge         Conj/Air       ###.....     9%          3    N/A
 Swiftness                Chrm/Air       ##......     10%         2    N/A
 Gell's Gravitas          Tloc           ###.......   11%         3    N/A
 Lesser Beckoning         Tloc           ###.......   11%         3    N/A
 Teleport Other           Tloc           ###.....     11%         3    N/A
 Shroud of Golubria       Chrm/Tloc      ##....       12%         2    N/A
 Animate Skeleton         Necr           N/A          19%         1    N/A
 Corona                   Hex            #......      19%         1    N/A
 Infusion                 Chrm           #...         19%         1    N/A
 Summon Small Mammal      Summ           #...         19%         1    N/A
 Airstrike                Air            ###.......   22%         4    N/A
 Conjure Flame            Conj/Fire      ##......     24%         3    N/A
 Ignite Poison            Fire/Tmut/Pois #.......     26%         3    N/A
 Call Imp                 Summ           #.......     28%         2    N/A
 Ensorcelled Hibernation  Hex/Ice        #.....       28%         2    N/A
 Slow                     Hex            #.......     28%         2    N/A
 Song of Slaying          Chrm           #.......     28%         2    N/A
 Sticks to Snakes         Tmut           #.......     28%         2    N/A
 Passage of Golubria      Tloc           N/A          34%         4    N/A
 Call Canine Familiar     Summ           #.......     50%         3    N/A
 Confusing Touch          Hex            #.......     50%         3    N/A
 Ozocubu's Armour         Chrm/Ice       #.......     50%         3    N/A
 Spectral Weapon          Hex/Chrm       #.......     50%         3    N/A
 Summon Guardian Golem    Hex/Summ       #.......     50%         3    N/A
 Summon Lightning Spire   Summ/Air       ##......     52%         4    N/A
 Lightning Bolt           Conj/Air       ###.......   58%         5    N/A
 Silence                  Hex/Air        ##........   86%         5    N/A
 Alistair's Intoxication  Tmut/Pois      ##......     87%         5    N/A
 Cause Fear               Hex            #.........   88%         4    N/A
 Petrify                  Tmut/Erth      #.......     88%         4    N/A
 Summon Ice Beast         Ice/Summ       #.......     88%         4    N/A
 Irradiate                Conj/Tmut      ##........   92%         5    N/A
 Summon Forest            Summ/Tloc      ##........   92%         5    N/A
 Metabolic Englaciation   Hex/Ice        #.........   99%         5    N/A
 Yara's Violent Unravell  Hex/Tmut       #.........   99%         5    N/A
 Deflect Missiles         Chrm/Air       ##........   100%        6    N/A
 Eringya's Noxious Bog    Tmut/Pois      ##........   100%        6    N/A
 Malign Gateway           Summ/Tloc      ##........   100%        7    N/A
 Monstrous Menagerie      Summ           #.........   100%        7    N/A
 Summon Greater Demon     Summ           #.........   100%        7    N/A
 Controlled Blink         Tloc           N/A          100%        8    N/A
 Discord                  Hex            #.........   100%        8    N/A
 Summon Horrible Things   Summ           #.........   100%        8    N/A
 Beastly Appendage        Tmut           Unusable     N/A         1    N/A
 Spider Form              Tmut/Pois      Unusable     N/A         3    N/A
 Sublimation of Blood     Necr           Unusable     N/A         2    N/A
 Ice Form                 Ice/Tmut       Unusable     N/A         4    N/A
 Blade Hands              Tmut           Unusable     N/A         5    N/A

Dungeon Overview and Level Annotations

Branches:
Dungeon (15/15)            Temple (0/1) D:5            Lair (6/6) D:8
 Shoals (0/4) Lair:3       Spider (0/4) Lair:3        Slime (0/5) Lair:5
    Orc (0/2) D:10
 Vaults: D:13-14     Depths: D:15

Altars:
Gozag
Makhleb
Xom
Jiyva

Shops:
D:9 :

Annotations:
Lair:1 exclusion: oklob plant
Lair:2 exclusion: 2 oklob plants
Lair:6 exclusion: oklob plant


Innate Abilities, Weirdness & Mutations

You do not eat or drink.
Your flesh is vulnerable to fire.
You are immune to poison.
Your flesh is cold resistant. (rC+)
You are immune to negative energy. (rN+++)
You are immune to unholy pain and torment.
You can survive without breathing.
You are in touch with the powers of death.


Message History

Really go through this one-way escape hatch? [Y]es or [N]o only, please.
Really go through this one-way escape hatch?
A mysterious force pulls you upwards. The hatch slams shut behind you.
You feel a wave of frost pass over you.
There is an entrance to an ice cave on this level.
Hurry and find it before the portal melts!
The cyclops shouts!
A hippogriff comes into view.
Found 17 stones and a scroll of magic mapping.
Found a stone staircase leading up.
The cyclops hits you!!
You hit the cyclops.
The cyclops is lightly wounded.
A phantasmal warrior comes into view.
You impale the cyclops!!
The cyclops is poisoned.
The cyclops is heavily wounded.
The cyclops hits you but does no damage.
The phantasmal warrior blinks!
You puncture the cyclops!
The cyclops is severely wounded.
You puncture the hippogriff!
The hippogriff is poisoned.
The hippogriff is lightly wounded.
A wraith comes into view.
The phantasmal warrior blinks!
You block the cyclops's attack.
You impale the hippogriff!!
The hippogriff looks as sick as possible!
The hippogriff is severely wounded.
You block the hippogriff's attack.
The hippogriff pecks you but does no damage.
You block the hippogriff's attack.
You puncture the hippogriff!
The hippogriff looks as sick as possible!
The hippogriff is almost dead.
The cyclops hits you but does no damage.
The hippogriff misses you. You block the hippogriff's attack.
The hippogriff claws you but does no damage.
You barely miss the hippogriff.
The hippogriff is almost dead.
You impale the cyclops!!
You kill the cyclops!
You block the hippogriff's attack. The hippogriff barely misses you.
You block the hippogriff's attack.
You closely miss the phantasmal warrior.
You kill the hippogriff!
You block the phantasmal warrior's attack.
You hit the phantasmal warrior but do no damage.
You hit the phantasmal warrior.
The phantasmal warrior is lightly damaged.
The phantasmal warrior hits you.
Your magical defenses are stripped away!
You hit the phantasmal warrior.
The phantasmal warrior is lightly damaged.
You block the phantasmal warrior's attack.
You hit the phantasmal warrior.
The phantasmal warrior is lightly damaged.
You completely miss the phantasmal warrior.
The phantasmal warrior is lightly damaged.
The phantasmal warrior hits you! The wraith closely misses you.
You completely miss the phantasmal warrior.
The phantasmal warrior is lightly damaged.
You puncture the wraith!
The wraith is moderately damaged.
The phantasmal warrior hits you. The wraith misses you.
You impale the wraith!!
The wraith is severely damaged.
The phantasmal warrior hits you but does no damage.
You block the wraith's attack.
You hit the wraith.
The wraith is almost destroyed.
You impale the wraith!!
You destroy the wraith!
The phantasmal warrior hits you but does no damage.
You closely miss the phantasmal warrior.
The phantasmal warrior is lightly damaged.
The phantasmal warrior hits you!!
* * * LOW HITPOINT WARNING * * *
You puncture the phantasmal warrior!
The phantasmal warrior is moderately damaged.
You puncture the phantasmal warrior!
The phantasmal warrior is moderately damaged.
The phantasmal warrior misses you.
You completely miss the phantasmal warrior.
The phantasmal warrior is moderately damaged.
The phantasmal warrior hits you!
* * * LOW HITPOINT WARNING * * *
Xom thinks this is hilarious!
Okay, then.
Evoke which item? (* to show all) (? for menu, Esc to quit)
Okay, then.
Press: ? - help, v - describe, . - travel, g - get item
Here: a phantasmal warrior (moderately damaged) 4 large rocks.
The floor, spattered with blood.
Evoke which item? (* to show all) (? for menu, Esc to quit)
Aiming: Corrosive Bolt
Press: ? - help, Shift-Dir - straight line, f - phantasmal warrior
Aim: a phantasmal warrior (moderately damaged)
The bolt of acid misses the phantasmal warrior.
The phantasmal warrior hits you!
You die...

##........
#.........
#.........
#......?..
#.........
#......<..
#..W......
#.@†....(.
#.........
#.........
#.........
##.......#
##.....##
######


You could see a phantasmal warrior.

Vanquished Creatures
  3 hydras (Lair:6)
  4 two-headed ogres
  Urug (Lair:3)
  An unseen horror (D:11)
  3 ugly things
  2 cyclopes
  A moth of wrath (Lair:6)
  A wolf spider (Lair:3)
  A black mamba (Lair:4)
  8 elephants (Lair:6)
  A guardian serpent (shapeshifter) (D:15)
  An orange demon (Abyss:2)
  7 spiny frogs
  A rime drake (D:11)
  7 komodo dragons
  An ancient zyme (Abyss:2)
  2 polar bears (Lair:6)
  3 trolls
  A hornet (shapeshifter) (Lair:5)
  3 slime creatures (D:14)
  10 hippogriffs
  6 hornets
  12 dream sheep
  18 blink frogs
  28 yaks
  A yak (shapeshifter) (D:15)
  14 spriggans
  A wraith (D:13)
  A chaos spawn (Abyss:2)
  A hungry ghost (D:10)
  A basilisk (Lair:3)
  5 small abominations (Abyss:2)
  A swamp worm (shapeshifter) (D:15)
  A naga (Lair:4)
  A neqoxec (Abyss:2)
  2 soldier ants (D:9)
  An acid dragon (D:14)
  15 water moccasins
  An orc warrior (D:11)
  15 porcupines
  2 ice beasts
  6 black bears
  5 necrophages
  6 boggarts
  A sky beast (D:11)
  6 phantoms
  4 ogres
  5 centaurs
  41 wolves
  12 crocodiles
  A big kobold (D:14)
  15 bullfrogs
  6 scorpions
  4 killer bees
  3 wights (D:12)
  8 howler monkeys
  10 crimson imps
  3 centaur zombies
  6 jellies
  4 quasits
  3 bullfrog zombies
  A centaur skeleton (D:9)
  7 hounds
  9 orc priests
  13 orc wizards
  3 iguanas
  16 worker ants
  2 hound skeletons
  A howler monkey zombie (D:8)
  A worker ant zombie (D:10)
  9 adders
  3 shadow imps
  4 white imps (D:11)
  An ooze (D:2)
  An adder skeleton (D:4)
  An adder zombie (D:7)
  2 worms
  2 dart slugs
  5 leopard geckos
  39 orcs
  3 bats
  3 giant cockroaches
  3 goblins
  10 hobgoblins
  11 jackals
  17 kobolds
  9 quokkas
  A ball python (D:6)
  3 frilled lizards
  4 rats
522 creatures vanquished.

Vanquished Creatures (collateral kills)
  Louise (D:14)
  A spatial maelstrom (Abyss:3)
  An elephant (Lair:6)
  A centaur zombie (D:14)
  A rime drake (Lair:6)
  A slime creature (D:15)
  2 blink frogs (Lair:1)
  A dream sheep (Lair:6)
  A yak (Lair:6)
  A spatial vortex (Abyss:3)
  A water moccasin (Lair:4)
  An ice beast (D:6)
  A black bear (D:7)
  An ogre (D:7)
  3 boggarts
  A bullfrog (D:14)
  A wight (D:12)
  2 howler monkeys (D:14)
  A hound (D:14)
  5 orcs (D:4)
  A fungus (D:8)
29 creatures vanquished.

Vanquished Creatures (others)
  A centaur warrior (D:15)
  2 elephants (Lair:6)
  A spiny frog (Lair:6)
  2 centaurs (D:15)
  8 bushes (Lair:6)
  12 fungi
  3 plants
  2 starspawn tentacles (Abyss:2)
31 creatures vanquished.

Grand Total: 582 creatures vanquished

Notes
Turn   | Place    | Note
-------+----------+-------------------------------------------
     0 | D:1      | EnegeticOcto the Mummy Chaos Knight began the quest for the
                  | Orb.
     0 | D:1      | Reached XP level 1. HP: 18/18 MP: 1/1
   169 | D:1      | XOM: cloud trail
   317 | D:1      | Reached XP level 2. HP: 24/24 MP: 2/2
   359 | D:1      | XOM: divination: detect creatures
   500 | D:1      | XOM: medium Erth miscast
   989 | D:2      | Reached skill level 3 in Polearms
  1006 | D:2      | Reached XP level 3. HP: 29/29 MP: 3/3
  1233 | D:2      | XOM: silly message
  1250 | D:2      | XOM: 1-stop teleportation journey
  1604 | D:3      | Reached XP level 4. HP: 34/37 MP: 4/4
  1714 | D:3      | XOM: enchant monster (good)
  1721 | D:3      | XOM: cast spell 'Alistair's Intoxication'
  1735 | D:3      | Reached XP level 5. HP: 25/43 MP: 5/5
  2009 | D:3      | XOM: medium Pois miscast
  2283 | D:4      | XOM: 1-stop teleportation journey
  2363 | D:4      | Reached skill level 4 in Polearms
  2394 | D:4      | XOM: summons 2 hostile demons
  2396 | D:4      | Noticed a phantom
  2399 | D:4      | Got a steaming leather armour
  2461 | D:4      | XOM: cloud trail
  2581 | D:4      | XOM: cloud trail
  2598 | D:4      | XOM: god gift: 21 gold pieces
  2747 | D:4      | Reached skill level 5 in Fighting
  2819 | D:4      | Identified the +3 leather armour "Egoant" {MR+ Dex-3
                  | Slay+2} (You found it on level 4 of the Dungeon)
  2902 | D:4      | Found an opulent altar of Gozag.
  2912 | D:4      | Reached XP level 6. HP: 43/51 MP: 6/6
  3055 | D:4      | XOM: divination: magic mapping
  3157 | D:4      | XOM: summons friendly white imp
  3719 | D:5      | Entered Level 5 of the Dungeon
  3775 | D:5      | HP: 2/52 [ogre/+0 giant spiked club (11)]
  3776 | D:5      | Reached skill level 5 in Polearms
  3776 | D:5      | Reached XP level 7. HP: 2/58 MP: 7/7
  3785 | D:5      | HP: 2/58 [quokka (1)]
  4156 | D:5      | XOM: summons friendly shadow imp
  4157 | D:5      | XOM: cast spell 'Olgreb's Toxic Radiance'
  4160 | D:5      | XOM: harmless Necr miscast
  4177 | D:5      | XOM: 3-stop teleportation journey
  4438 | D:5      | XOM: god gift: ration
  4527 | D:5      | XOM: 4-stop teleportation journey
  4661 | D:5      | Found a staircase to the Ecumenical Temple.
  4887 | D:5      | XOM: harmless Tmut miscast
  5106 | D:6      | XOM: polymorph centaur -> jelly
  5148 | D:6      | Noticed a hippogriff
  5154 | D:6      | XOM: smoke on damage
  5159 | D:6      | XOM: summons friendly shadow imp
  5165 | D:6      | XOM: summons friendly ufetubus
  5168 | D:6      | XOM: summons 7 friendly demons
  5273 | D:5      | XOM: cloud trail
  5318 | D:5      | XOM: scenery: create altars
  5322 | D:5      | XOM: god gift: scorched helmet {god gift}
  5323 | D:5      | Got a scorched helmet {god gift}
  5329 | D:5      | Identified the +4 helmet of Xom's Righteous Fury {rElec
                  | rN+} (Xom gifted it to you on level 5 of the Dungeon)
  5420 | D:5      | XOM: scenery: create altars
  5466 | D:5      | Reached skill level 6 in Polearms
  5466 | D:5      | Reached XP level 8. HP: 64/67 MP: 8/8
  5468 | D:5      | XOM: god gift: 7 boomerangs
  5615 | D:6      | XOM: summons 2 friendly demons
  5701 | D:6      | XOM: fog
  5708 | D:6      | XOM: fog
  5711 | D:6      | XOM: smoke on damage
  5769 | D:6      | Killed a hippogriff
  5828 | D:5      | XOM: divination: detect items
  5957 | D:5      | XOM: cloud trail
  5972 | D:6      | Reached skill level 7 in Polearms
  6348 | D:6      | XOM: polymorph scorpion -> centaur
  6650 | D:7      | XOM: cast spell 'Summon Ice Beast'
  6655 | D:7      | Reached skill level 1 in Dodging
  6655 | D:7      | Reached XP level 9. HP: 37/75 MP: 9/9
  7174 | D:7      | XOM: god gift: metal-bound book {god gift}
  7181 | D:7      | Learned a level 2 spell: Blink
  7269 | D:7      | XOM: fog
  7292 | D:6      | XOM: fog
  7512 | D:7      | Reached skill level 1 in Spellcasting
  7639 | D:8      | Noticed a two-headed ogre
  7648 | D:7      | XOM: cast spell 'Monstrous Menagerie'
  7680 | D:8      | Found a staircase to the Lair.
  7696 | D:8      | Reached skill level 1 in Translocations
  7700 | D:8      | XOM: cast spell 'Summon Small Mammal'
  7732 | D:7      | XOM: cleaving
  7735 | D:7      | XOM: scenery: create altars
  7831 | D:6      | XOM: scenery: create altars
  7937 | D:8      | XOM: god gift: wand of scattershot (4)
  8254 | D:8      | XOM: enchant monster (good)
  8255 | D:8      | Reached skill level 8 in Polearms
  8334 | D:8      | Reached XP level 10. HP: 83/83 MP: 14/14
  8559 | D:9      | Found Nycubuha's Book Emporium.
  8641 | D:9      | XOM: divination: detect creatures
  8886 | D:9      | XOM: 1-stop teleportation journey
  8922 | D:9      | XOM: polymorph big kobold -> porcupine
  8950 | D:9      | XOM: scenery: 2 doors close
  8983 | D:9      | XOM: scenery: 1 doors open
  8998 | D:9      | XOM: 2-stop teleportation journey
  9061 | D:9      | Noticed a cyclops
  9061 | D:9      | XOM: butterfly on damage
  9087 | D:9      | Reached skill level 1 in Evocations
  9143 | D:9      | XOM: cloud trail
  9477 | D:9      | XOM: stat loss: -1 Str (18/19)
  9673 | D:9      | Got a transparent crystal amulet
  9680 | D:9      | Noticed a two-headed ogre
  9703 | D:9      | Killed a two-headed ogre
  9704 | D:9      | XOM: polymorph centaur -> killer bee
  9792 | D:9      | XOM: cloud trail
  9918 | D:9      | XOM: confuse monster(s)
  9941 | D:9      | XOM: cast spell 'Summon Butterflies'
  9958 | D:9      | XOM: cast spell 'Call Canine Familiar'
  9962 | D:9      | Killed a cyclops
 10025 | D:9      | XOM: cloud trail
 10096 | D:9      | XOM: confuse monster(s)
 10099 | D:9      | Reached skill level 10 in Fighting
 10211 | D:10     | Entered Level 10 of the Dungeon
 10231 | D:10     | Found a burning altar of Makhleb.
 10589 | D:10     | Found a staircase to the Orcish Mines.
 10754 | D:10     | XOM: divination: detect items
 10762 | D:10     | XOM: divination: magic mapping
 10762 | D:10     | Reached XP level 11. HP: 34/91 MP: 17/17
 11225 | D:10     | XOM: harmless Tloc miscast
 11359 | Lair:1   | Entered Level 1 of the Lair of Beasts
 11434 | Lair:1   | XOM: summons 2 friendly demons
 11442 | Lair:1   | XOM: polymorph white imp -> quasit
 11751 | Lair:1   | Identified Xom's Tome of the Lamprey (Xom gifted it to you
                  | on level 1 of the Lair of Beasts)
 11751 | Lair:1   | XOM: god gift: Xom's Tome of the Lamprey
 11820 | Lair:1   | XOM: medium Ice miscast
 11940 | Lair:1   | Noticed an oklob plant
 11940 | Lair:1   | XOM: noise
 11942 | Lair:1   | XOM: enchant monster (bad)
 12060 | Lair:1   | Cast into level 2 of the Abyss (Xom)
 12069 | Abyss:2  | XOM: potion effect (might)
 12126 | Abyss:2  | Identified the amulet of Traps {+Rage rN+ Dex+2} (You found
                  | it on level 9 of the Dungeon)
 12205 | Abyss:2  | Reached skill level 5 in Armour
 12324 | Abyss:2  | XOM: medium Pois miscast
 12502 | Abyss:2  | Noticed a glowing orange brain
 12506 | Abyss:2  | XOM: swap monsters
 12640 | Abyss:2  | Noticed a tentacled starspawn
 12651 | Abyss:2  | Noticed a wretched star
 12685 | Abyss:2  | Noticed a kraken
 12685 | Abyss:2  | XOM: scenery: create altars
 12723 | Abyss:2  | XOM: summons 2 hostile shadow creatures
 12724 | Abyss:2  | Noticed a rakshasa
 12727 | Abyss:2  | Noticed a wretched star
 12738 | Abyss:2  | XOM: harmless Pois miscast
 12780 | Abyss:2  | Found a corrupted altar of Lugonu.
 12781 | Abyss:3  | Found a corrupted altar of Lugonu.
 12801 | Abyss:3  | Noticed a spatial maelstrom
 12802 | Abyss:3  | XOM: summons 11 friendly demons
 12809 | Abyss:3  | Killed a spatial maelstrom
 12829 | Lair:1   | Escaped the Abyss
 12875 | Lair:1   | XOM: silly message
 12887 | Lair:1   | Reached skill level 9 in Polearms
 13251 | Lair:1   | XOM: harmless Erth miscast
 13578 | Lair:1   | XOM: scenery: create altars
 13595 | Lair:2   | Reached skill level 5 in Dodging
 13687 | Lair:2   | XOM: 5-stop teleportation journey
 13691 | Lair:2   | XOM: noise
 13744 | Lair:2   | XOM: 4-stop teleportation journey
 14199 | Lair:2   | XOM: harmless Conj miscast
 14212 | Lair:2   | XOM: harmless Air miscast
 14214 | Lair:2   | XOM: scenery: create altars
 14469 | Lair:2   | XOM: mild Air miscast
 14630 | Lair:2   | Noticed an oklob plant
 14632 | Lair:2   | Noticed an oklob plant
 14677 | Lair:2   | XOM: noise
 14877 | Lair:3   | XOM: harmless Pois miscast
 14976 | Lair:3   | Noticed Urug
 15009 | Lair:3   | Killed Urug
 15338 | Lair:3   | XOM: silly message
 15419 | Lair:3   | Noticed a death yak
 15419 | Lair:3   | Noticed a death yak
 15419 | Lair:3   | Noticed a death yak
 15419 | Lair:3   | Noticed a death yak
 15419 | Lair:3   | XOM: enchant monster (good)
 15419 | Lair:3   | Noticed a death yak
 15421 | Lair:3   | XOM: summons friendly shadow imp
 15422 | Lair:3   | XOM: harmless Erth miscast
 15433 | Lair:3   | XOM: 1-stop teleportation journey
 15505 | Lair:3   | XOM: cleaving
 15514 | Lair:3   | XOM: medium Tmut miscast
 15523 | Lair:3   | XOM: cast spell 'Chain of Chaos'
 15592 | Lair:3   | XOM: scenery: create altars
 15748 | Lair:3   | Reached XP level 12. HP: 81/99 MP: 18/18
 15836 | Lair:3   | Found a hole to the Spider Nest.
 16127 | Lair:3   | XOM: scenery: 1 doors open
 16227 | Lair:3   | Reached skill level 10 in Polearms
 16315 | Lair:3   | Found a staircase to the Shoals.
 16373 | Lair:3   | XOM: confuse monster(s)
 16461 | Lair:3   | XOM: harmless Summ miscast
 16693 | Lair:3   | XOM: summons 4 hostile demons
 16809 | Lair:4   | XOM: summons friendly crimson imp
 17048 | Lair:4   | XOM: mild Tloc miscast
 17119 | Lair:4   | XOM: god gift: fuming emerald potion {god gift}
 17145 | Lair:4   | XOM: 6-stop teleportation journey
 17375 | Lair:4   | XOM: cast spell 'Summon Small Mammal'
 17384 | Lair:4   | XOM: summons 2 friendly demons
 17394 | Lair:4   | XOM: polymorph quokka -> rat
 17408 | Lair:4   | Reached skill level 11 in Polearms
 17419 | Lair:4   | XOM: 4-stop teleportation journey
 17613 | Lair:4   | XOM: enchant monster (bad)
 17657 | Lair:4   | XOM: polymorph water moccasin -> black bear
 17782 | Lair:4   | XOM: harmless Tloc miscast
 17928 | Lair:4   | XOM: stat loss: -1 Int (14/15)
 18067 | Lair:4   | XOM: chaos cloud
 18068 | Lair:4   | XOM: swap monsters
 18086 | Lair:4   | Paralysed by you for 2 turns
 18290 | Lair:4   | XOM: polymorph blink frog -> naga
 18511 | Lair:4   | Got a scorched dire flail
 18518 | Lair:4   | Identified the +9 dire flail of the Sun {protect, Str-5
                  | Dex+4 SInv} (You found it on level 4 of the Lair of Beasts)
 18854 | Lair:4   | XOM: noise
 19002 | Lair:4   | Learned a level 3 spell: Mephitic Cloud
 19072 | Lair:5   | XOM: polymorph yak -> shapeshifter
 19079 | Lair:5   | XOM: potion effect (invisibility)
 19105 | Lair:5   | Reached skill level 1 in Conjurations
 19105 | Lair:5   | Reached skill level 1 in Air Magic
 19110 | Lair:5   | Reached skill level 1 in Poison Magic
 19361 | Lair:5   | XOM: repel stairs
 19619 | Lair:5   | XOM: 2-stop teleportation journey
 19815 | Lair:5   | Found a viscous altar of Jiyva.
 19816 | Lair:5   | Found a staircase to the Slime Pits.
 19919 | Lair:6   | Entered Level 6 of the Lair of Beasts
 20143 | Lair:5   | XOM: cloud trail
 20153 | Lair:6   | Reached skill level 12 in Polearms
 20342 | Lair:6   | XOM: confuse monster(s)
 20355 | Lair:5   | Gained mutation: You are in touch with the powers of death.
                  | [Mummy growth]
 20355 | Lair:5   | Reached XP level 13. HP: 66/104 MP: 19/19
 20656 | Lair:6   | XOM: confuse monster(s)
 20661 | Lair:6   | XOM: noise
 20913 | Lair:6   | Reached skill level 1 in Shields
 20916 | Lair:6   | XOM: god gift: fizzy red potion {god gift}
 20922 | Lair:6   | XOM: enchant monster (bad)
 21072 | Lair:6   | XOM: mild Conj miscast
 21204 | Lair:5   | XOM: summons 6 hostile demons
 21761 | Lair:6   | XOM: 1-stop teleportation journey
 21767 | Lair:6   | XOM: 8-stop teleportation journey
 21772 | Lair:6   | XOM: medium Conj miscast
 21840 | Lair:6   | XOM: swap monsters
 21844 | Lair:6   | XOM: summons friendly quasit
 21897 | Lair:6   | XOM: divination: detect items
 21949 | Lair:6   | XOM: cast spell 'Olgreb's Toxic Radiance'
 22174 | Lair:6   | XOM: divine lightning
 22195 | Lair:6   | XOM: summons friendly shadow imp
 22200 | Lair:6   | XOM: enchant monster (good)
 22538 | Lair:5   | XOM: potion effect (brilliance)
 22702 | Lair:6   | XOM: silly message
 22703 | Lair:6   | XOM: potion effect (might)
 22709 | Lair:6   | XOM: potion effect (agility)
 22716 | Lair:6   | XOM: potion effect (heal wounds)
 22719 | Lair:6   | XOM: harmless Summ miscast
 22731 | Lair:6   | XOM: summons 9 friendly demons
 22862 | Lair:6   | XOM: scenery: create altars
 23122 | Lair:6   | XOM: potion effect (experience)
 23122 | Lair:6   | Reached skill level 5 in Air Magic
 23122 | Lair:6   | Reached skill level 5 in Poison Magic
 23122 | Lair:6   | Reached XP level 14. HP: 58/111 MP: 20/20
 23138 | Lair:6   | XOM: 10-stop teleportation journey
 23323 | Lair:6   | Identified the +9 morningstar "Cediduwk" {vamp, Int+4} (You
                  | found it on level 6 of the Lair of Beasts)
 23490 | Lair:6   | XOM: mild Necr miscast
 23556 | Lair:6   | XOM: god gift: 25 gold pieces
 23745 | Lair:6   | Reached skill level 1 in Maces & Flails
 23745 | Lair:6   | XOM: divine lightning
 24082 | Lair:6   | XOM: scenery: create altars
 24181 | Lair:6   | XOM: god gift: 830 gold pieces
 24518 | D:11     | XOM: enchant monster (bad)
 24594 | D:11     | Noticed Sonja
 24594 | D:11     | XOM: mild Necr miscast
 24597 | D:11     | Noticed Sonja
 24597 | D:11     | Sonja changed into Sonja the rime drake
 24604 | D:11     | Killed Sonja the rime drake
 24639 | D:11     | XOM: medium Necr miscast
 24646 | D:11     | XOM: scenery: 2 doors close
 24760 | D:11     | XOM: summons 7 hostile demons
 24926 | D:11     | XOM: cast spell 'Summon Small Mammal'
 25054 | D:11     | XOM: cloud trail
 25164 | D:11     | XOM: god gift: arbalest {god gift}
 25406 | D:11     | XOM: stat loss: -1 Int (14/15)
 25577 | D:11     | XOM: god gift: heavily runed iron amulet {god gift}
 25599 | D:11     | Got a heavily runed iron amulet {god gift}
 25600 | D:11     | Identified the amulet "Ymuejil" {Reflect Str+6 SH+6} (Xom
                  | gifted it to you on level 11 of the Dungeon)
 25878 | D:12     | XOM: summons 11 friendly demons
 26015 | D:12     | XOM: 3-stop teleportation journey
 26027 | D:12     | XOM: medium Erth miscast
 26185 | D:12     | XOM: severe Fire miscast
 26373 | D:12     | You fall into a shaft and drop 3 floors!
 26373 | D:15     | Entered Level 15 of the Dungeon
 26381 | D:15     | XOM: fake destruction
 26383 | D:15     | Reached XP level 15. HP: 115/117 MP: 21/21
 26392 | D:15     | Reached skill level 5 in Maces & Flails
 26429 | D:15     | XOM: medium Summ miscast
 26471 | D:14     | Noticed Louise
 26483 | D:14     | XOM: repel stairs
 26492 | D:14     | Killed Louise
 26703 | D:14     | XOM: silly message
 26706 | D:14     | XOM: enchant monster (bad)
 27081 | D:14     | XOM: confuse monster(s)
 27124 | D:14     | XOM: divination: detect items
 27188 | D:13     | HP: 4/117 [phantasmal warrior[a death knight] (17)]
 27189 | D:13     | Slain by a phantasmal warrior

Levels and vault maps discovered:
D:1:      dpeg_arrival_central, layout_basic
D:2:      kennysheep_big_flooded_room, layout_basic
D:3:      layout_loops_ring
D:4:      layout_layer_cave, nicolae_gozag_seed_capital, kennysheep_doodads
D:5:      layout_loops_ring, minmay_temple_entry_enclosed_plants, first_ration
D:6:      cheibrodos_fzero, layout_basic
D:7:      layout_rooms
D:8:      layout_rooms, due_lair_maze_entry_diamond, minmay_hedge_maze
D:9:      layout_roguey, serial_shops, shop, hangedman_pestilent_swarm, hex_tiny
D:10:     layout_loops_cross, orc_0_dummy, bloody_makhleb
D:11:     layout_irregular_city, minmay_nine_imps, uniq_sonja
D:12:     layout_basic
D:13:     layout_rooms, portal_ice_cave_entry_imps
D:14:     layout_rooms, grunt_vaults_entry_fortified, wad_rectangle_vault,
          uniq_louise
D:15:     gammafunk_enter_depths_forms, layout_loops_ring, serial_glass,
          glass_columns_a, glass_columns_a
Lair:1:   layout_long_grid, serial_bayou, serial_bayou_lagoon_a,
          serial_bayou_pond_b, serial_bayou_shore_b, serial_bayou_pond_a,
          grunt_megastairs_4, serial_bayou_shore_b, infiniplex_staircase_pool_2,
          minmay_lair_oklob_chamber
Lair:2:   minmay_lair_oklob_tunnel, layout_regular_city, grunt_megastairs_5
Lair:3:   layout_regular_city, shoals_dummy_entry, spider_nest_entry_rubble,
          beast_lair_carwin_10, uniq_urug
Lair:4:   layout_misc_corridors
Lair:5:   layout_regular_city, dpeg_slime_entry_enclosed_altar,
          roderic_carrion_pond
Lair:6:   minmay_lair_end_enchanted_forest, layout_big_grid,
          minmay_lair_oklob_bushes, serial_bayou_shore_b

Skill      XL: |  1  2  3  4  5  6  7  8  9 10 11 12 13 14 15 |
---------------+----------------------------------------------+-----
Polearms       | 3 4 5 6 7 8 9 12 | 12.7
Fighting       | 4 5 6 7 8 9 10 | 10.7
Dodging        | 1 3 4 6 |  6.1
Armour         | 3 4 6 |  6.0
Spellcasting   | 2 4 |  4.5
Translocations | 1 3 4 |  4.0
Evocations     | 2 4 |  4.0
Conjurations   | 2 4 |  4.0
Air Magic      | 2 5 |  5.2
Poison Magic   | 2 5 |  5.1
Shields        | 4 |  4.2
Maces & Flails | 4 6 |  6.3

Action                   |  1- 3 |  4- 6 |  7- 9 | 10-12 | 13-15 || total
-------------------------+-------+-------+-------+-------+-------++-------
Melee: Spear             |   112 |   106 |    25 |       |       ||   243
       Trident           |       |       |   411 |  1031 |   805 ||  2247
       Demon trident     |       |       |       |       |   100 ||   100
Throw: Javelin           |       |       |       |       |    25 ||    25
 Cast: Blink             |       |       |       |     1 |     2 ||     3
Evoke: Wand              |       |       |       |    20 |    13 ||    33
       Box of beasts     |       |       |       |     1 |     2 ||     3
  Use: Scroll            |     4 |     5 |     3 |    19 |     8 ||    39
 Stab: Distracted        |     1 |       |       |       |     3 ||     4
       Sleeping          |     1 |       |       |       |       ||     1
       Paralysed         |       |       |     2 |     1 |     4 ||     7
       Invisible         |       |       |       |    14 |       ||    14
       Petrified         |       |       |       |     9 |       ||     9
       Petrifying        |       |       |       |     1 |       ||     1
Armor: Ring mail         |     9 |       |       |       |       ||     9
       Leather armour    |    16 |    22 |   219 |   335 |   334 ||   926
Dodge: Dodged            |    29 |    20 |   242 |   563 |   463 ||  1317
Block: Buckler           |       |       |       |       |   194 ||   194
       Reflection        |       |       |       |       |    11 ||    11

Table legend:
 A = Non-vault XP
 B = Vault XP
 C = Vault XP percentage of total XP
 D = Non-vault monster count
 E = Vault monster count
 F = Vault count percentage of total count
                 A         B        C        D         E       F
            +---------+---------+-------+---------+---------+-------
      Total |   55110 |   20794 |  27.4 |     437 |     117 |  21.1
            +---------+---------+-------+---------+---------+-------
        D:1 |      26 |       0 |   0.0 |      14 |       0 |   0.0
        D:2 |      52 |       4 |   7.1 |      17 |       2 |  10.5
        D:3 |     127 |       0 |   0.0 |      18 |       0 |   0.0
        D:4 |     431 |       0 |   0.0 |      29 |       0 |   0.0
        D:5 |     624 |     176 |  22.0 |      23 |       4 |  14.8
        D:6 |     689 |     715 |  50.9 |      18 |       6 |  25.0
        D:7 |    1090 |      66 |   5.7 |      25 |       1 |   3.8
        D:8 |     600 |     971 |  61.8 |       8 |       9 |  52.9
        D:9 |    3643 |     609 |  14.3 |      32 |       4 |  11.1
       D:10 |    3082 |       0 |   0.0 |      22 |       0 |   0.0
       D:11 |    2750 |     617 |  18.3 |      23 |      10 |  30.3
       D:12 |    2419 |       0 |   0.0 |      24 |       0 |   0.0
       D:13 |    1002 |       0 |   0.0 |       3 |       0 |   0.0
       D:14 |    2278 |    3085 |  57.5 |      24 |       7 |  22.6
       D:15 |    1438 |    1275 |  47.0 |       5 |       4 |  44.4
     Lair:1 |    1949 |     294 |  13.1 |       9 |       2 |  18.2
     Lair:2 |    2161 |     288 |  11.8 |      13 |       2 |  13.3
     Lair:3 |    2636 |    2897 |  52.4 |      16 |      11 |  40.7
     Lair:4 |    7340 |     196 |   2.6 |      40 |       1 |   2.4
     Lair:5 |    4258 |    1704 |  28.6 |      22 |      10 |  31.2
     Lair:6 |   15136 |    7171 |  32.1 |      43 |      42 |  49.4
    Abyss:2 |     950 |     726 |  43.3 |       8 |       2 |  20.0
    Abyss:3 |     429 |       0 |   0.0 |       1 |       0 |   0.0
            +---------+---------+-------+---------+---------+-------
